| TOP OF THE 1ST |
|
Kansas City Royals batting - Pitching for St. Louis Cardinals : LHP Antonio Lacayo
|
|
Pitching: LHP Antonio Lacayo
|
|
|
Batting: SHB Jose Pacheco
|
0-0: Bunt for hit to 15 - play at first, batter safe!
|
|
Batting: RHB Walt Cogswell
|
0-0: Ball 1-0: Called Strike 1-1: Ball 2-1: Foul Ball, location: 2F 2-2: Foul Ball, location: 2F 2-2: Foul Ball, location: 2F 2-2: DOUBLE (Groundball, 5L, EV 95.6 MPH) Jose Pacheco to third
|
|
Batting: RHB Mike Jaquez
|
0-0: Fly out, F9 (Flyball, 9, EV 94.4 MPH)
|
|
Batting: SHB Gil Switzer
|
0-0: Ball 1-0: Foul Ball, location: 2F 1-1: Ball 2-1: Called Strike 2-2: Fly out, F8 (Flyball, 8RXD, EV 90.0 MPH) Runner from 3rd tags up, SCORES, no throw by CF Walt Cogswell to third
|
|
Batting: RHB Adam Martin
|
0-0: DOUBLE (Line Drive, 89XD, EV 111.2 MPH) Walt Cogswell scores
|
|
Batting: LHB Pete Hansel
|
0-0: Ball 1-0: Ground out 1-3 (Groundball, 34S, EV 70.0 MPH)
|
| Top of the 1st over - 2 runs, 3 hits, 0 errors, 1 left on base; Kansas City 2 - St. Louis 0 |
| BOTTOM OF THE 1ST |
|
St. Louis Cardinals batting - Pitching for Kansas City Royals : LHP John Hall
|
|
Pitching: LHP John Hall
|
|
|
Batting: RHB Mike Bates
|
0-0: SINGLE (Line Drive, 34D, EV 97.5 MPH)
|
|
Batting: RHB Melvin Enriquez
|
0-0: Swinging Strike 0-1: Ball 1-1: SINGLE (Groundball, 25, EV 63.1 MPH) (infield hit) Mike Bates to second
|
|
Batting: RHB Danny Gallo
|
0-0: Ball 1-0: Fly out, F8 (Flyball, 8RM, EV 87.5 MPH)
|
|
Batting: LHB Ichiro Toyota
|
0-0: Swinging Strike 0-1: Ball 1-1: Ball 2-1: Foul Ball, location: 2F 2-2: Ball 3-2: Strikes out swinging
|
|
Batting: SHB Chris Blue
|
0-0: Ball 1-0: DOUBLE (Line Drive, 9LM, EV 105.0 MPH) Mike Bates scores Melvin Enriquez to third
|
|
Batting: RHB Tyler Walker
|
0-0: Ball 1-0: Called Strike 1-1: Swinging Strike 1-2: Ball 2-2: SINGLE (Groundball, 4MD, EV 101.2 MPH) (infield hit) Melvin Enriquez scores Chris Blue to third
|
|
Batting: LHB Pat Sutton
|
0-0: Ball 1-0: Ball 2-0: Called Strike 2-1: Foul Ball, location: 2F 2-2: Foul Ball, location: 2F 2-2: Strikes out swinging
|
| Bottom of the 1st over - 2 runs, 4 hits, 0 errors, 2 left on base; Kansas City 2 - St. Louis 2 |
| TOP OF THE 2ND |
|
Kansas City Royals batting - Pitching for St. Louis Cardinals : LHP Antonio Lacayo
|
|
Batting: RHB Mikolas Markus
|
0-0: Ball 1-0: Ball 2-0: Ball 3-0: Called Strike 3-1: Called Strike 3-2: Fly out, F9 (Line Drive, 9S, EV 95.6 MPH)
|
|
Batting: RHB Kevin Roseen
|
0-0: Ball 1-0: Ball 2-0: Called Strike 2-1: Foul Ball, location: 2F 2-2: SINGLE (Groundball, 3D, EV 96.9 MPH)
|
|
Batting: LHB Manny Estrada
|
0-0: Called Strike 0-1: Foul Ball, location: 2F 0-2: Strikes out swinging
|
|
Batting: SHB Jose Pacheco
|
0-0: Called Strike 0-1: Ball 1-1: Ball 2-1: Foul Ball, location: 2F 2-2: Foul Ball, location: 2F 2-2: Foul Ball, location: 2F 2-2: Ball 3-2: Strikes out swinging
|
| Top of the 2nd over - 0 runs, 1 hit, 0 errors, 1 left on base; Kansas City 2 - St. Louis 2 |
| BOTTOM OF THE 2ND |
|
St. Louis Cardinals batting - Pitching for Kansas City Royals : LHP John Hall
|
|
Batting: SHB Harry Hoop
|
0-0: Ball 1-0: Fly out, F9 (Flyball, 89S, EV 89.4 MPH)
|
|
Batting: SHB Jason Kirby
|
0-0: Ball 1-0: Ball 2-0: Ball 3-0: Called Strike 3-1: Base on Balls
|
|
Batting: RHB Mike Bates
|
0-0: Ball 1-0: Ball 2-0: Grounds into double play, 6-4-3 (Groundball, 6, EV 85.6 MPH)
|
| Bottom of the 2nd over - 0 runs, 0 hits, 0 errors, 0 left on base; Kansas City 2 - St. Louis 2 |
| TOP OF THE 3RD |
|
Kansas City Royals batting - Pitching for St. Louis Cardinals : LHP Antonio Lacayo
|
|
Batting: RHB Walt Cogswell
|
0-0: Ball 1-0: Foul Ball, location: 2F 1-1: Ball 2-1: Ground out 4-3 (Groundball, 4, EV 96.9 MPH)
|
|
Batting: RHB Mike Jaquez
|
0-0: Fly out, F9 (Line Drive, 9D, EV 97.5 MPH)
|
|
Batting: SHB Gil Switzer
|
0-0: Ball 1-0: Fly out, F8 (Flyball, 8LD, EV 103.8 MPH)
|
| Top of the 3rd over - 0 runs, 0 hits, 0 errors, 0 left on base; Kansas City 2 - St. Louis 2 |
| BOTTOM OF THE 3RD |
|
St. Louis Cardinals batting - Pitching for Kansas City Royals : LHP John Hall
|
|
Batting: RHB Melvin Enriquez
|
0-0: Ball 1-0: Called Strike 1-1: Ground out 5-3 (Groundball, 56, EV 109.4 MPH)
|
|
Batting: RHB Danny Gallo
|
0-0: Called Strike 0-1: Called Strike 0-2: Ball 1-2: Strikes out looking
|
|
Batting: LHB Ichiro Toyota
|
0-0: Called Strike 0-1: Foul Ball, location: 2F 0-2: Strikes out looking
|
| Bottom of the 3rd over - 0 runs, 0 hits, 0 errors, 0 left on base; Kansas City 2 - St. Louis 2 |
| TOP OF THE 4TH |
|
Kansas City Royals batting - Pitching for St. Louis Cardinals : LHP Antonio Lacayo
|
|
Batting: RHB Adam Martin
|
0-0: Swinging Strike 0-1: Swinging Strike 0-2: Ground out 3-1 (Groundball, 34, EV 104.4 MPH)
|
|
Batting: LHB Pete Hansel
|
0-0: SOLO HOME RUN (Flyball, 9D, EV 96.9 MPH), Distance : 360 ft
|
|
Batting: RHB Mikolas Markus
|
0-0: Called Strike 0-1: Called Strike 0-2: Ball 1-2: Ball 2-2: Ball 3-2: Foul Ball, location: 2F 3-2: Strikes out swinging
|
|
Batting: RHB Kevin Roseen
|
0-0: SOLO HOME RUN (Flyball, 7LD, EV 96.9 MPH), Distance : 349 ft
|
|
Batting: LHB Manny Estrada
|
0-0: Called Strike 0-1: Ground out 6-3 (Groundball, 4MD, EV 103.1 MPH)
|
| Top of the 4th over - 2 runs, 2 hits, 0 errors, 0 left on base; Kansas City 4 - St. Louis 2 |
| BOTTOM OF THE 4TH |
|
St. Louis Cardinals batting - Pitching for Kansas City Royals : LHP John Hall
|
|
Batting: SHB Chris Blue
|
0-0: Ground out 6-3 (Groundball, 6, EV 90.6 MPH)
|
|
Batting: RHB Tyler Walker
|
0-0: Foul Ball, location: 2F 0-1: Swinging Strike 0-2: Ball 1-2: Ball 2-2: Fly out, F6 (Line Drive, 6, EV 72.5 MPH)
|
|
Batting: LHB Pat Sutton
|
0-0: Ball 1-0: Ground out 4-3 (Groundball, 4, EV 89.4 MPH)
|
| Bottom of the 4th over - 0 runs, 0 hits, 0 errors, 0 left on base; Kansas City 4 - St. Louis 2 |
| TOP OF THE 5TH |
|
Kansas City Royals batting - Pitching for St. Louis Cardinals : LHP Antonio Lacayo
|
|
Batting: SHB Jose Pacheco
|
0-0: Ball 1-0: Called Strike 1-1: Fly out, F8 (Flyball, 8LM, EV 80.0 MPH)
|
|
Batting: RHB Walt Cogswell
|
0-0: Fly out, F6 (Flyball, 56D, EV 85.6 MPH)
|
|
Batting: RHB Mike Jaquez
|
0-0: Reached on error, E5 (Groundball, 56, EV 81.9 MPH)
|
|
Batting: SHB Gil Switzer
|
0-0: Called Strike 0-1: Ball 1-1: Ball 2-1: Ball 3-1: Foul Ball, location: 2F 3-2: Fly out, F8 (Flyball, 8RXD, EV 85.6 MPH)
|
| Top of the 5th over - 0 runs, 0 hits, 1 error, 1 left on base; Kansas City 4 - St. Louis 2 |
| BOTTOM OF THE 5TH |
|
St. Louis Cardinals batting - Pitching for Kansas City Royals : LHP John Hall
|
|
Batting: SHB Harry Hoop
|
0-0: Ball 1-0: Called Strike 1-1: Foul Ball, location: 2F 1-2: Ball 2-2: Ball 3-2: Fly out, F8 (Flyball, 8LXD, EV 103.1 MPH)
|
|
Batting: SHB Jason Kirby
|
0-0: Ball 1-0: Ball 2-0: Ball 3-0: Called Strike 3-1: Base on Balls
|
|
Batting: RHB Mike Bates
|
0-0: Called Strike 0-1: Foul Ball, location: 2F 0-2: Ball 1-2: Foul Ball, location: 2F 1-2: Ball 2-2: Strikes out swinging
|
|
Batting: RHB Melvin Enriquez
|
0-0: Called Strike 0-1: Ball 1-1: Foul Ball, location: 2F 1-2: Strikes out looking
|
| Bottom of the 5th over - 0 runs, 0 hits, 0 errors, 1 left on base; Kansas City 4 - St. Louis 2 |
| TOP OF THE 6TH |
|
Kansas City Royals batting - Pitching for St. Louis Cardinals : LHP Antonio Lacayo
|
|
Batting: RHB Adam Martin
|
0-0: Called Strike 0-1: Ball 1-1: Ball 2-1: Foul Ball, location: 2F 2-2: Fly out, F6 (Popup, 6MD, EV 60.0 MPH)
|
|
Batting: LHB Pete Hansel
|
0-0: Ball 1-0: Swinging Strike 1-1: Ball 2-1: Ground out 4-3 (Groundball, 34, EV 100.0 MPH)
|
|
Batting: RHB Mikolas Markus
|
0-0: Foul Ball, location: 2F 0-1: Ball 1-1: Ball 2-1: Fly out, F8 (Flyball, 8RM, EV 98.1 MPH)
|
| Top of the 6th over - 0 runs, 0 hits, 0 errors, 0 left on base; Kansas City 4 - St. Louis 2 |
| BOTTOM OF THE 6TH |
|
St. Louis Cardinals batting - Pitching for Kansas City Royals : LHP John Hall
|
|
Batting: RHB Danny Gallo
|
0-0: Ball 1-0: Called Strike 1-1: Ball 2-1: Ball 3-1: Called Strike 3-2: Fly out, F8 (Flyball, 8RM, EV 94.4 MPH)
|
|
Batting: LHB Ichiro Toyota
|
0-0: Called Strike 0-1: Called Strike 0-2: Ball 1-2: Strikes out swinging
|
|
Batting: SHB Chris Blue
|
0-0: Ball 1-0: Ball 2-0: Fly out, F9 (Flyball, 9LS, EV 77.5 MPH)
|
| Bottom of the 6th over - 0 runs, 0 hits, 0 errors, 0 left on base; Kansas City 4 - St. Louis 2 |
| TOP OF THE 7TH |
|
Kansas City Royals batting - Pitching for St. Louis Cardinals : LHP Antonio Lacayo
|
|
Batting: RHB Kevin Roseen
|
0-0: Ball 1-0: Called Strike 1-1: Ball 2-1: Foul Ball, location: 2F 2-2: Ball 3-2: Base on Balls
|
|
Batting: LHB Manny Estrada
|
0-0: Called Strike 0-1: Ball 1-1: Swinging Strike 1-2: Foul Ball, location: 2F 1-2: Strikes out looking
|
|
Batting: SHB Jose Pacheco
|
0-0: Called Strike 0-1: Foul Ball, location: 2F 0-2: Foul Ball, location: 2F 0-2: Strikes out looking
|
|
Pitching: RHP Casey Cogdill
|
|
|
Batting: RHB Walt Cogswell
|
0-0: Called Strike 0-1: Foul Ball, location: 2F 0-2: Ball 1-2: Ball 2-2: Ball 3-2: SINGLE (Groundball, 34, EV 99.4 MPH) (infield hit) Kevin Roseen to second
|
|
Batting: RHB Mike Jaquez
|
0-0: Ball 1-0: Ball 2-0: Ground out 5-3 (Groundball, 56S, EV 81.2 MPH)
|
| Top of the 7th over - 0 runs, 1 hit, 0 errors, 2 left on base; Kansas City 4 - St. Louis 2 |
| BOTTOM OF THE 7TH |
|
St. Louis Cardinals batting - Pitching for Kansas City Royals : LHP John Hall
|
|
Batting: RHB Tyler Walker
|
0-0: Ball 1-0: Called Strike 1-1: Foul Ball, location: 2F 1-2: SOLO HOME RUN (Flyball, 8LXD, EV 113.1 MPH), Distance : 422 ft
|
|
Batting: LHB Pat Sutton
|
0-0: Fly out, F9 (Flyball, 89M, EV 94.4 MPH)
|
|
Batting: SHB Harry Hoop
|
0-0: Ball 1-0: Fly out, F3 (Popup, 3SF, EV 80.6 MPH)
|
|
Batting: SHB Jason Kirby
|
0-0: Ball 1-0: Ball 2-0: Ball 3-0: Ground out 4-3 (Groundball, 4, EV 81.2 MPH)
|
| Bottom of the 7th over - 1 run, 1 hit, 0 errors, 0 left on base; Kansas City 4 - St. Louis 3 |
| TOP OF THE 8TH |
|
Kansas City Royals batting - Pitching for St. Louis Cardinals : RHP Casey Cogdill
|
|
Batting: SHB Gil Switzer
|
0-0: Ball 1-0: Ball 2-0: Ball 3-0: Called Strike 3-1: Base on Balls
|
|
Batting: LHB Mike Meyerhoff
|
0-0: Ball 1-0: Called Strike 1-1: Swinging Strike 1-2: Ball 2-2: Strikes out swinging
|
|
Batting: LHB Pete Hansel
|
0-0: Foul Ball, location: 2F 0-1: Ball 1-1: Foul Ball, location: 2F 1-2: Fly out, F8 (Line Drive, 8LM, EV 103.8 MPH)
|
|
Batting: RHB Mikolas Markus
|
0-0: Ball 1-0: Called Strike 1-1: Foul Ball, location: 2F 1-2: Ball 2-2: Strikes out swinging
|
| Top of the 8th over - 0 runs, 0 hits, 0 errors, 1 left on base; Kansas City 4 - St. Louis 3 |
| BOTTOM OF THE 8TH |
|
St. Louis Cardinals batting - Pitching for Kansas City Royals : LHP John Hall
|
|
Now at 2B: Matt Belgard
|
|
|
Batting: RHB Mike Bates
|
0-0: Foul Ball, location: 2F 0-1: Ball 1-1: Ball 2-1: Ball 3-1: Swinging Strike 3-2: Base on Balls
|
|
Pitching: RHP Joe Jordahl
|
|
|
Batting: RHB Melvin Enriquez
|
0-0: Ball 1-0: Called Strike 1-1: Foul Ball, location: 2F 1-2: Ball 2-2: Strikes out swinging
|
|
Batting: RHB Danny Gallo
|
0-0: Foul Ball, location: 2F 0-1: SINGLE (Flyball, 34D, EV 93.1 MPH) Mike Bates to second
|
|
Batting: LHB Ichiro Toyota
|
0-0: Swinging Strike 0-1: Ball 1-1: Foul Ball, location: 2F 1-2: Strikes out swinging
|
|
Batting: SHB Chris Blue
|
0-0: Ball 1-0: Ball 2-0: Ball 3-0: Base on Balls Mike Bates to third Danny Gallo to second
|
|
Batting: RHB Tyler Walker
|
0-0: Called Strike 0-1: Fly out, F9 (Line Drive, 9D, EV 94.4 MPH)
|
| Bottom of the 8th over - 0 runs, 1 hit, 0 errors, 3 left on base; Kansas City 4 - St. Louis 3 |
| TOP OF THE 9TH |
|
Kansas City Royals batting - Pitching for St. Louis Cardinals : RHP Casey Cogdill
|
|
Pitching: RHP Mike Pemble
|
|
|
Batting: RHB Kevin Roseen
|
0-0: Ball 1-0: Swinging Strike 1-1: Ball 2-1: Foul Ball, location: 2F 2-2: Ball 3-2: Base on Balls
|
|
Batting: LHB Manny Estrada
|
0-0: Called Strike 0-1: Called Strike 0-2: Ball 1-2: SINGLE (Line Drive, 8RS, EV 92.5 MPH) Kevin Roseen to second
|
|
Batting: SHB Jose Pacheco
|
0-0: Sac Bunt to 13 - play at third, runner OUT! 1-5 Manny Estrada to second
|
|
Batting: RHB Walt Cogswell
|
0-0: Called Strike 0-1: Foul Ball, location: 2F 0-2: DOUBLE (Line Drive, 7LM, EV 111.9 MPH) Manny Estrada scores Jose Pacheco to third Runner from 3rd tries for Home, SAFE, no throw by LF
|
|
Batting: RHB Matt Belgard
|
0-0: Ball 1-0: Called Strike Walt Cogswell steals 3rd base 1-1: Ground out U3 (Groundball, 34, EV 81.9 MPH)
|
|
Batting: SHB Gil Switzer
|
0-0: Ball 1-0: Called Strike 1-1: Ball 2-1: Called Strike 2-2: Ball 3-2: Reached on error, E4 (Groundball, 4, EV 92.5 MPH) Walt Cogswell scores
|
|
Pitching: LHP Marc Eismann
|
|
|
Batting: LHB Mike Meyerhoff
|
0-0: Called Strike 0-1: Foul Ball, location: 2F 0-2: Ball 1-2: Hit by Pitch Gil Switzer to second
|
|
Batting: LHB Pete Hansel
|
0-0: Ball 1-0: Ball 2-0: Ball 3-0: Base on Balls Gil Switzer to third Mike Meyerhoff to second
|
|
Batting: RHB Mikolas Markus
|
0-0: SINGLE (Groundball, 4MD, EV 103.8 MPH) Gil Switzer scores Mike Meyerhoff to third Pete Hansel to second
|
|
Batting: RHB Kevin Roseen
|
0-0: Ball 1-0: Ball 2-0: Called Strike 2-1: Foul Ball, location: 2F 2-2: Ball 3-2: Ground out 1-3 (Groundball, 15, EV 63.8 MPH)
|
| Top of the 9th over - 4 runs, 3 hits, 1 error, 3 left on base; Kansas City 8 - St. Louis 3 |
| BOTTOM OF THE 9TH |
|
St. Louis Cardinals batting - Pitching for Kansas City Royals : RHP Joe Jordahl
|
|
Batting: LHB Pat Sutton
|
0-0: Ball 1-0: Ball 2-0: Ball 3-0: Called Strike 3-1: Called Strike 3-2: TRIPLE (Line Drive, 8RXD, EV 100.0 MPH)
|
|
Batting: SHB Harry Hoop
|
0-0: Called Strike 0-1: 2-RUN HOME RUN (Flyball, 9D, EV 96.9 MPH), Distance : 360 ft
|
|
Pitching: RHP Joe Noonan
|
|
|
Batting: SHB Jason Kirby
|
0-0: Ball 1-0: DOUBLE (Flyball, 89XD, EV 90.6 MPH)
|
|
Batting: RHB Mike Bates
|
0-0: Ball 1-0: Ball 2-0: Ball 3-0: Base on Balls
|
|
Pinch Hitting: LHB Billy Guzman
|
0-0: Ball 1-0: Grounds into double play, 5-4-3 (Groundball, 56, EV 85.0 MPH) Jason Kirby to third
|
|
Batting: RHB Danny Gallo
|
0-0: Foul Ball, location: 2F 0-1: Foul Ball, location: 2F 0-2: Ball 1-2: Ball 2-2: Foul Ball, location: 2F 2-2: Ball 3-2: Base on Balls
|
|
Batting: LHB Ichiro Toyota
|
0-0: Called Strike 0-1: Called Strike 0-2: Ball 1-2: Strikes out swinging
|
| Bottom of the 9th over - 2 runs, 3 hits, 0 errors, 2 left on base; Kansas City 8 - St. Louis 5 |
|